Map: Invader LE

Players

Gamearay

  • Race: Terran Terran
  • League: Platinum

blackxored - Winner!

  • Race: Zerg Zerg
  • League: Diamond

VOD

Have the link to the VOD?

Description

Time

  • Played on: July 1, 2016, 10:44 p.m.
  • Length: 5:12
Show
View Real Time Build Order
Export as new Build Order

Gamearay Terran 

Build Orders:  

Get SALT Encoding   

  12  0:01  SCV  
  13  0:17  Supply Depot  
  13  1:10  Barracks  
  13  1:13  Barracks  
  13  1:18  Barracks  
  13  1:29  SCV  
  14  1:35  Supply Depot  
  14  1:58  Marine  
  15  2:01  Marine  
  16  2:10  Bunker  
  16  2:12  Marine  
  17  2:16  Marine  
  17  2:19  Marine  
  19  2:30  Marine  
  19  2:34  Marine  
  21  2:37  Marine  
  22  2:47  Bunker  
  22  2:48  Marine  
  23  2:51  Marine  
  23  2:55  Marine  
  25  3:05  Marine  
  25  3:09  Marine  
  27  3:12  Bunker  
  27  3:13  Marine  
  27  3:17  Bunker  
  20  3:30  Marine x3  
  22  3:43  Bunker  
  22  3:48  Marine x3  
  24  4:00  Orbital Command  
  17  4:29  Supply Depot  
  17  4:38  Command Center  
  17  4:49  Refinery  
  17  4:50  SCV  
Show
View Real Time Build Order
Export as new Build Order

blackxored Zerg - Winner!

Build Orders: Hatch First, Zergling Baneling 

Get SALT Encoding   

  12  0:02  Drone  
  13  0:08  Drone  
  14  0:17  Overlord  
  14  0:23  Extractor  
  14  0:24  Drone  
  15  0:40  Drone x2  
  17  0:53  Hatchery  
  17  0:57  Drone  
  17  0:59  Drone  
  18  1:11  Extractor  
  18  1:15  Spawning Pool  
  16  1:21  Drone  
  16  1:22  Drone  
  18  1:28  Drone  
  20  2:05  Spine Crawler  
  20  2:06  Zergling x6, Spine Crawler  
  20  2:07  Baneling Nest, Queen  
  22  2:18  Overlord  
  22  2:39  Metabolic Boost, Zergling x4  
  24  2:51  Zergling x2  
  24  2:53  Baneling x2  
  25  3:09  Zergling x2  
  25  3:22  Zergling x8  
  29  3:36  Overlord  
  27  3:58  Zergling x4  
  29  4:11  Zergling x2  
  29  4:12  Zergling x6  
  32  4:20  Baneling x5  
  32  4:21  Baneling x3  
  32  4:24  Queen  
  32  4:28  Zergling x2  
  35  4:36  Zergling x2  
  35  4:37  Zergling x2  
  37  4:48  Hatchery  
Tags
 
Add a new tag
Caveats
  • Supply blocks, unpowered buildings, or Contaminate may cause inaccurate times.
  • Supply counts are checked every 10 seconds.